Hyaaa, lawful female human Samurai ----------- ------ ------ |..........######..`..| |..=.| ##.....a....| |....| |..!*| # |.....@...| #+....| #-.![.| ### -.-.-.-d--- ###--.--- #------ ############### # ## # # ##### ### # # # ### # ### # # ###################### # -.-.---|----# --.-|-# |..........|# |....|# |..........|# |....-# |..........|# |...<| |..........|# |....| |..........+# ------ |..........| ------------ Hyaaa the Ronin Experience level: 4 Strength: 16 Dexterity: 14 Constitution: 18 Intelligence: 9 Wisdom: 9 Charisma: 9 Health: 0(56) Energy: 20(20) Def: 6 Gold: 48 Moves: 1338 Dungeon seed: sFpWC7zx6aRMqtAB Game ID: Hyaaa_1584712754 Your Inventory: Coins $ - 48 gold pieces Weapons a - a +0 katana (weapon in hand) b - a +0 wakizashi (alternate weapon; not wielded) c - a +0 yumi d - 41 +0 ya (in quiver) k - 6 +0 crossbow bolts m - 7 cursed -2 shuriken o - 11 +0 arrows Armor e - an uncursed rustproof +0 splint mail (being worn) Comestibles w - an uncursed gunyoki Potions p - a blessed potion of gain level r - an uncursed potion of water s - an uncursed potion of extra healing Rings g - an uncursed ring of free action u - an uncursed ring of stealth (on left hand) Tools n - an uncursed skeleton key v - an uncursed osaku x - an uncursed magic lamp Spells and supernatural/magical abilities: Name Level Category Fail Memory W - pray for help -- divine ? -- Your skills at the end: Fighting Skills martial arts [Basic] Weapon Skills short sword [Basic] long sword [Basic] bow [Basic] Spellcasting Skills Final Attributes: You were piously aligned. You were stealthy. You were fast. You are dead. Vanquished creatures: a small mimic a shrieker a giant ant a little dog 2 rothes 2 cave spiders a red mold a gnome zombie 3 geckos 3 jackals 10 grid bugs 2 lichens 2 newts 30 creatures vanquished. Voluntary challenges: You followed a strict vegan diet. You were an atheist. You used a wielded weapon 34 times, starting on turn 27. You read items or engraved 1 time, starting on turn 1045. You never genocided any monsters. You never polymorphed an object. You never changed form. You used no wishes. You never split a pudding. You never wrote Elbereth's name. You never violated your personal moral code. Dungeon overview: The Dungeons of Doom: levels 1 to 5 Level 1 a long staircase Level 2 Level 3 a fountain, a sink Level 4 a general store, a fountain Level 5 <- You were here a general store History has recorded: On T:1 you entered the Dungeons of Doom to retrieve the Amulet of Yendor! On T:138 you reached level 2 of The Dungeons of Doom. On T:165 you reached level 3 of The Dungeons of Doom. On T:377 you reached level 4 of The Dungeons of Doom. On T:388 you advanced to experience level 2. On T:822 you advanced to experience level 3. On T:995 you reached level 5 of The Dungeons of Doom. On T:1193 you advanced to experience level 4. Score breakdown: Gold: 48 ( 5749 points) Experience: 4 levels ( 9649 points) Exploration: 5 levels ( 10.20%) ( 8660 points) Discoveries: 6 items ( 2.44%) ( 4685 points) Valuables value: (no points given unless you survive) Artifact value: 0 ( 0 points) Variety of kills: 13 monsters ( 3.41%) ( 5541 points) Turncount: 1338 turns ( 0 points) Survival: died (score multiplied by 80%) Total score: 27427 Latest messages: You miss the giant ant. The giant ant bites! You miss the giant ant. The giant ant misses. You kill the giant ant! Hachi misses the giant ant. The giant ant just misses! The giant ant bites! Hachi misses the giant ant. The giant ant bites! Hachi misses the giant ant. The giant ant misses. Hachi misses the giant ant. (2x) You miss the giant ant. The giant ant bites! You miss the giant ant. The giant ant bites! You miss the giant ant. The giant ant bites! You miss the giant ant. The giant ant bites! (3x) You die... Final status: Sayonara Hyaaa the Samurai, killed by a giant ant... You died in The Dungeons of Doom on dungeon level 5 with 27427 points, and 48 pieces of gold, after 1338 moves. You were level 4 with a maximum of 56 hit points when you died.